 Dungeon Crawl Stone Soup version 0.27-a0-1559-g299f994 (webtiles) character file.

Game seed: 3935418449864978973

99 Meow the Digger (level 4, 32/33 HPs)
             Began as a Ghoul Earth Elementalist on July 15, 2021.
             Quit the game on level 2 of the Dungeon.
             The game lasted 00:03:41 (1566 turns).

Meow the Digger (Ghoul Earth Elementalist)          Turns: 1566, Time: 00:03:41

Health: 32/33      AC:  2    Str: 11    XL:     4   Next: 72%
Magic:  7/7        EV: 12    Int: 11    God:
Gold:   75         SH:  0    Dex:  9    Spells: 5/9 levels left

rFire    . . .     SeeInvis .   a - +1 dagger (freeze)
rCold    + . .     Faith    .   (no shield)
rNeg     + + +     Spirit   .   b - +0 robe
rPois    ∞         Reflect  .   (no helmet)
rElec    .         Harm     .   (no cloak)
rCorr    .         Rampage  .   (no gloves)
Will     .....                  (no boots)
Stlth    ++........             (no amulet)
HPRegen  0.11/turn              (no ring)
MPRegen  0.10/turn              (no ring)

@: no status effects
A: claws 1, cold resistance 1, negative energy resistance 3, inhibited
regeneration, torment resistance 2
a: no special abilities


You were on level 2 of the Dungeon.
You visited 1 branch of the dungeon, and saw 2 of its levels.

You collected 75 gold pieces.

Inventory:

Hand Weapons
 a - a +1 dagger of freezing (weapon)
 n - a +0 dagger of draining
Missiles
 c - 62 stones
 d - 2 javelins
 h - 25 arrows
 j - 16 bolts
Armour
 b - a +0 robe (worn)
 q - a +1 pair of boots
Wands
 p - a wand of flame (13)
Scrolls
 e - 3 scrolls of blinking {unknown}
 g - 2 scrolls of identify {unknown}
 k - a scroll of vulnerability {unknown}
 o - a scroll of teleportation {unknown}
Potions
 f - 2 potions of heal wounds
 i - a potion of might {unknown}
 l - a potion of haste {unknown}
 m - a potion of berserk rage {unknown}


   Skills:
 - Level 1.7 Dodging
 - Level 2.1 Stealth
 + Level 3.1 Spellcasting
 - Level 0.8 Transmutations
 + Level 4.7 Earth Magic


You had 5 spell levels left.
You knew the following spells:

 Your Spells              Type           Power      Damage    Failure   Level
a - Sandblast             Erth           24%        2d8       3%          1
A - Stone Arrow           Conj/Erth      12%        3d7       30%         3

Your spell library contained the following spells:

 Spells                   Type           Power      Damage    Failure   Level
 Passwall                 Tmut/Erth      5%         N/A       13%         2
 Animate Skeleton         Necr           2%         N/A       26%         1
 Apportation              Tloc           2%         N/A       26%         1
 Corona                   Hex            1%         N/A       26%         1
 Summon Small Mammal      Summ           4%         N/A       26%         1
 Inner Flame              Hex/Fire       1%         N/A       61%         3
 Petrify                  Tmut/Erth      7%         N/A       63%         4
 Cause Fear               Hex            0%         N/A       95%         4
 Discord                  Hex            0%         N/A       100%        8


Dungeon Overview and Level Annotations

Branches:
Dungeon (2/15)

Altars:


Innate Abilities, Weirdness & Mutations

You thrive by killing the living.
You are immune to poison.
You have sharp fingernails.
Your flesh is cold resistant. (rC+)
You are immune to negative energy. (rN+++)
You do not regenerate when monsters are visible.
You are immune to unholy pain and torment.


Message History

Magic restored.
You start resting.
HP restored.
Key pressed, stopping explore.
Found a pair of glowing boots.
A giant cockroach comes into view.
You see here a +1 pair of boots.
q - a +1 pair of boots You hit the giant cockroach but do no damage.
The giant cockroach bites you but does no damage.
You hit the giant cockroach. You freeze the giant cockroach.
You kill the giant cockroach!
You see here a giant cockroach corpse.
Okay, then.
Unknown command.
Okay, then.
Unknown command.
It was a potion of heal wounds.
You feel much better.
A hobgoblin comes into view.
The hobgoblin shouts!
You closely miss the hobgoblin.
The hobgoblin hits you but does no damage.
You hit the hobgoblin. You freeze the hobgoblin.
The hobgoblin is moderately wounded.
The hobgoblin hits you.
You barely miss the hobgoblin.
The hobgoblin is moderately wounded.
The hobgoblin hits you but does no damage.
You hit the hobgoblin but do no damage.
The hobgoblin is moderately wounded.
The hobgoblin misses you.
You barely miss the hobgoblin.
The hobgoblin is moderately wounded.
The hobgoblin hits you but does no damage.
You hit the hobgoblin. You freeze the hobgoblin.
The hobgoblin is severely wounded.
The hobgoblin barely misses you.
You hit the hobgoblin. You freeze the hobgoblin.
You kill the hobgoblin!
Are you sure you want to abandon this character and quit the game? (Confirm with "yes".)

#..#### #######.#....
#......###...
#.#####.#.### #.# ##†##
########.### #.#
........#..## #.#
#.#########....###.####
#....@......#..##.....
#.########..........###
##...#..#......###
#.###..##......... #.#
#.###......###
#.###..##......##.
####....#...#..##.
#...#.......##.
###.##...#.###.


There were no monsters in sight!

Vanquished Creatures
  Natasha (thrice) (D:2)
  4 ball pythons
  2 endoplasms (D:2)
  2 giant cockroaches (D:2)
  A hobgoblin (D:2)
  3 jackals (D:1)
  5 kobolds
  3 bats
  A goblin (D:1)
  A rat (D:1)
25 creatures vanquished.

Notes
Turn   | Place    | Note
-------+----------+-------------------------------------------
     0 | D:1      | Meow the Ghoul Earth Elementalist began the quest for the
                  | Orb.
     0 | D:1      | Reached XP level 1. HP: 14/14 MP: 2/2
   159 | D:1      | Reached XP level 2. HP: 17/20 MP: 2/4
   738 | D:2      | Noticed Natasha
   746 | D:2      | Killed Natasha
   747 | D:2      | Reached skill level 4 in Earth Magic
   747 | D:2      | Reached XP level 3. HP: 22/26 MP: 0/5
  1011 | D:2      | Learned a level 3 spell: Stone Arrow
  1214 | D:2      | Noticed Natasha
  1218 | D:2      | Killed Natasha
  1219 | D:2      | Reached XP level 4. HP: 15/33 MP: 2/7
  1317 | D:2      | Noticed Natasha
  1321 | D:2      | Killed Natasha
  1566 | D:2      | Quit the game

Illustrated notes

Levels and vault maps discovered:
D:1:      wander_arrival_peaceful_grave, layout_basic, serial_glass,
          glass_columns_c, glass_columns_a
D:2:      layout_loops_ring, serial_aquarium, aquarium_bridge_straight
          [aquarium_subvault_bridge, aquarium_subvault_window,
          aquarium_subvault_bridge, aquarium_subvault_wall], aquarium_window_1,
          aquarium_window_2, aquarium_window_2, aquarium_window_corridor_3,
          aquarium_view_2c, aquarium_pool_side, chequers_serial_rivers_micro_b,
          uniq_natasha

Skill      XL: |  1  2  3  4 |
---------------+-------------+-----
Spellcasting   | 2 3 |  3.1
Earth Magic    | 4 |  4.7
Dodging        | |  1.7
Stealth        | |  2.1
Transmutations | |  0.8

Action                   |  1- 3 |  4- 6 || total
-------------------------+-------+-------++-------
Melee: Dagger            |    52 |     9 ||    61
 Cast: Sandblast         |    10 |     4 ||    14
  Use: Potion            |       |     1 ||     1
 Stab: Sleeping          |     2 |       ||     2
Armor: Robe              |     3 |     4 ||     7
Dodge: Dodged            |    37 |     2 ||    39

Table legend: (Time is in decaauts)
 A = Elapsed time spent in this place.
 B = Non-inter-level travel time spent in this place.
 C = Inter-level travel time spent in this place.
 D = Time resting spent in this place.
 E = Time spent auto-exploring this place.
 F = Levels seen in this place.
 G = Mean time per level.
                   A        B        C        D        E       F      G
               +--------+--------+--------+--------+--------+-----+--------+
         Total |   1564 |   1550 |     14 |    305 |   1007 |   2 |  782.0 |
       Dungeon |   1564 |   1550 |     14 |    305 |   1007 |   2 |  782.0 |
               +--------+--------+--------+--------+--------+-----+--------+

Top non-repeatable levels by time:
     D:2: 995 daAuts
     D:1: 569 daAuts
